 Dungeon Crawl Stone Soup version 0.29-a0-757-g358383bc75 (webtiles) character file.

Game seed: 2180430859265449193

911 wilfster70 the Gusty (level 7, -3/50 HPs)
             Began as a White Draconian Air Elementalist on June 30, 2022.
             Was a Follower of Makhleb.
             Slain by an orc warrior
             ... wielding a +0 battleaxe
              (5 damage)
             ... on level 4 of the Dungeon.
             The game lasted 00:11:36 (4892 turns).

wilfster70 the Gusty (DrAE)                         Turns: 4892, Time: 00:11:36

Health: -3/50      AC:  6    Str: 10    XL:     7   Next: 82%
Magic:  4/14       EV: 12    Int: 17    God:    Makhleb [*.....]
Gold:   107        SH:  0    Dex: 12    Spells: 12/16 levels left

rFire   . . .      SeeInvis .   b - +2 long sword (protect)
rCold   + . .      Faith    .   (no shield)
rNeg    . . .      Spirit   .   (body armour unavailable)
rPois   .          Reflect  .   (helmet restricted)
rElec   .          Harm     .   (no cloak)
rCorr   .          Rampage  .   (no gloves)
Will    +....                   (no boots)
Stlth   ++........              (no amulet)
HPRegen 0.16/turn               i - ring of willpower
MPRegen 0.14/turn               (no ring)

@: lethally poisoned (-3 -> -7), short of breath
A: breathe frost, AC +6, unfitting armour, cold resistance 1, cold-blooded
a: Breathe Frost, Renounce Religion


You were on level 4 of the Dungeon.
You worshipped Makhleb.
Makhleb was aware of your devotion.
You visited 1 branch of the dungeon, and saw 5 of its levels.

You collected 151 gold pieces.
You spent 44 gold pieces at shops.

Inventory:

Hand Weapons
 a - a +5 dagger of venom
 b - a +2 long sword of protection (weapon)
Missiles
 g - 23 poisoned darts
Jewellery
 i - a ring of willpower (left hand)
 k - a ring of ice
Wands
 h - a wand of mindburst (11)
Scrolls
 j - a scroll of poison
 l - 4 scrolls of teleportation
 r - a scroll of identify
Potions
 c - a potion of magic
 d - 3 potions of flight
 e - 2 potions of curing
 f - a potion of heal wounds
 m - a potion of lignification {unknown}


   Skills:
 - Level 1.7 Dodging
 - Level 1.7 Stealth
 + Level 5.0 Spellcasting
 - Level 2.3 Conjurations
 * Level 7.6 Air Magic


You had 12 spell levels left.
You knew the following spells:

 Your Spells              Type           Power      Damage    Failure   Level
a - Airstrike             Air            15%        N/A       6%          4

Your spell library contained the following spells:

 Spells                   Type           Power      Damage    Failure   Level
 Shock                    Conj/Air       84%        1d8       1%          1
 Swiftness                Air            30%        N/A       1%          3
 Static Discharge         Conj/Air       21%        N/A       2%          2


Dungeon Overview and Level Annotations

Branches:
Dungeon (5/15)             Temple (0/1) D:4

Altars:
Makhleb
Qazlal
Ru
Sif Muna
Zin
The Shining One

Shops:
D:3 =*:?(   D:5 *

Annotations:
D:4 3 runed translucent doors, 1 exclusion, Ijyb; kae's ghost, amateur TeFE
D:5 Dowan; Duvessa; Menkaure; Sigmund


Innate Abilities, Weirdness & Mutations

You can breathe waves of freezing cold which knock back foes.
Your icy white scales are hard. (AC +6)
You cannot fit into any form of body armour.
Your flesh is cold resistant. (rC+)
You are cold-blooded and may be slowed by cold attacks.


Message History

The scorpion is almost dead.
The scorpion stings you but does no damage.
The scorpion misses you.
You completely miss the scorpion.
The scorpion is almost dead.
The scorpion closely misses you.
The scorpion stings you but does no damage.
You barely miss the scorpion.
Your tail-slap misses the scorpion.
The scorpion is almost dead.
The scorpion closely misses you.
You closely miss the scorpion.
The scorpion is almost dead.
You have got your breath back.
The scorpion stings you but does no damage.
The scorpion stings you.
* * * LOW HITPOINT WARNING * * *
You hit the scorpion but do no damage.
Your weapon exudes an aura of protection.
The scorpion is almost dead.
The scorpion stings you.
* * * LOW HITPOINT WARNING * * *
You are poisoned.
The scorpion poisons you! The scorpion stings you.
* * * LOW HITPOINT WARNING * * *
Aiming: Breathe Frost (5% risk of failure)
Press: ? - help, Shift-Dir - straight line, f/p - orc warrior
Aim: an orc warrior, wielding a +0 battleaxe and wearing a +0 chain mail (almost dead, 64% to hit)
You exhale a wave of freezing cold.
The freezing breath hits the scorpion!
You kill the scorpion!
Makhleb accepts your kill.
The freezing breath misses the orc warrior.
You feel sick.
Your Spellcasting skill increases to level 5!
You barely miss the orc warrior.
The orc warrior is almost dead.
You feel sick.
The orc warrior hits you with a +0 battleaxe.
* * * LOW HITPOINT WARNING * * *
The orc warrior hits you with a +0 battleaxe.
You die...

.......# ##########.......≈....
.###.#.# ##.## #.<....#≈#...
.....#.#####...######......#≈≈≈≈≈
..#......[.........##.>....###...
.###.#.#####...###.##............
.###.#.# #....†..#.##............
.......# #....>..#..........####.
######## #.##.##o######.##### #.
#.##.##@# #.# ####. #.##.##.#
####.#####.... #.......#
#.......##.### #.......#
#.(........... ##...#..#
#.......##.##. #..###.#
#.......##.##. #..<#..#
#.....†.##...) #.#...##
#....†..####.. #.....#
#......#.###..


You could see an orc warrior.

Vanquished Creatures
  Grinder (D:4)
  Edmund (D:4)
  A black bear (D:4)
  A phantom (D:4)
  A necrophage (D:4)
  A scorpion (D:4)
  A hound (D:4)
  An iguana (D:4)
  Natasha (thrice) (D:4)
  Robin (D:3)
  5 adders
  3 worms
  4 dart slugs
  5 orcs
  6 ball pythons
  9 endoplasms
  2 giant cockroaches
  14 goblins
  4 hobgoblins
  11 jackals
  5 quokkas
  8 bats
  5 frilled lizards
  7 kobolds
  4 rats
104 creatures vanquished.

Notes
Turn   | Place    | Note
-------+----------+-------------------------------------------
     0 | D:1      | wilfster70 the Draconian Air Elementalist began the quest
                  | for the Orb.
     0 | D:1      | Reached XP level 1. HP: 14/14 MP: 3/3
    14 | D:1      | You fall into a shaft and drop 1 floor!
    43 | D:2      | Reached XP level 2. HP: 19/20 MP: 0/5
   582 | D:1      | Reached XP level 3. HP: 26/26 MP: 2/6
   938 | D:1      | Found a faded altar of an unknown god.
  1912 | D:3      | Found Vewn's Antique Weapon Shoppe.
  1939 | D:3      | Found a glowing silver altar of Zin.
  1948 | D:3      | Found a glowing golden altar of the Shining One.
  1952 | D:3      | Found a shimmering blue altar of Sif Muna.
  1954 | D:3      | Found a stormy altar of Qazlal.
  1963 | D:3      | Reached XP level 4. HP: 33/33 MP: 4/8
  2034 | D:3      | Found a burning altar of Makhleb.
  2048 | D:3      | Became a worshipper of Makhleb the Destroyer
  2080 | D:3      | Learned a level 4 spell: Airstrike
  2082 | D:3      | Found Qivabeesut's Magic Scroll Shop.
  2108 | D:3      | Found Tobbuuv's Jewellery Emporium.
  2155 | D:3      | Found Foviorghe's General Store.
  2158 | D:3      | Bought a scroll of identify for 22 gold pieces
  2158 | D:3      | Bought a scroll of identify for 22 gold pieces
  2298 | D:3      | Reached skill level 4 in Air Magic
  2418 | D:3      | Found a sacrificial altar of Ru.
  2457 | D:3      | Noticed Robin
  2479 | D:3      | Killed Robin
  2738 | D:3      | Found Ocio's Book Shoppe.
  2975 | D:4      | Reached * piety under Makhleb
  2981 | D:4      | Noticed a black bear
  2990 | D:4      | HP: 1/33 [black bear (5)]
  2992 | D:4      | Killed a black bear
  2993 | D:4      | Reached skill level 5 in Air Magic
  2993 | D:4      | Reached XP level 5. HP: 22/38 MP: 8/10
  3434 | D:4      | Noticed Natasha
  3443 | D:4      | Killed Natasha
  3444 | D:4      | Reached XP level 6. HP: 30/45 MP: 11/11
  3563 | D:4      | Found a staircase to the Ecumenical Temple.
  3599 | D:4      | Found a runed translucent gate.
  3599 | D:4      | Found a runed translucent gate.
  3600 | D:4      | Found a runed translucent gate.
  3600 | D:4      | Noticed kae's ghost (amateur TeFE)
  3711 | D:4      | Noticed Ijyb
  3938 | D:4      | Noticed Natasha
  3958 | D:4      | Killed Natasha
  4138 | D:4      | Noticed Edmund
  4153 | D:4      | HP: 2/45 [Edmund/+3 dire flail of holy wrath (13)]
  4159 | D:4      | Killed Edmund
  4160 | D:4      | Reached skill level 6 in Air Magic
  4160 | D:4      | Your scales start taking on an icy white colour.
  4160 | D:4      | Reached XP level 7. HP: 31/50 MP: 13/13
  4160 | D:4      | Gained mutation: Your flesh is cold resistant. (rC+) [White
                  | Draconian growth]
  4324 | D:4      | Noticed Natasha
  4336 | D:4      | Killed Natasha
  4507 | D:4      | Noticed Grinder
  4526 | D:4      | Killed Grinder
  4527 | D:4      | Reached skill level 7 in Air Magic
  4749 | D:5      | Entered Level 5 of the Dungeon
  4749 | D:5      | Noticed Sigmund
  4749 | D:5      | Found Masuikir's Assorted Antiques.
  4759 | D:5      | Noticed Menkaure
  4864 | D:5      | Noticed Dowan
  4864 | D:5      | Noticed Duvessa
  4892 | D:4      | Reached skill level 5 in Spellcasting
  4892 | D:4      | HP: 2/50 [orc warrior/+0 battleaxe (5)]
  4892 | D:4      | Slain by an orc warrior

Illustrated notes

Levels and vault maps discovered:
D:1:      grunt_arrival_lava_bath, layout_rooms,
          shapermc_ecumenical_altar_mp_ritualfount
D:2:      layout_loops_ring
D:3:      layout_loops_ring, marbit_many_paths,
          nicolae_overflow_hallway_of_the_gods, serial_shops, shop,
          nicolae_lakefront_shop, nicolae_shop_behind_doors,
          nicolae_diamond_shop, shop, uniq_robin
D:4:      layout_loops_cross, minmay_temple_entry_water_ring,
          ebering_ghost_rock_garden, uniq_ijyb, uniq_grinder, uniq_natasha,
          uniq_edmund
D:5:      layout_rooms, serial_shops,
          nicolae_shop_temple_entry_statues_fountains, enter_ossuary_4,
          nicolae_figureground_pulse, uniq_sigmund, uniq_duvessa, uniq_menkaure

Skill      XL: |  1  2  3  4  5  6  7 |
---------------+----------------------+-----
Conjurations   | 2 |  2.3
Air Magic      | 5 6 7 |  7.6
Spellcasting   | 3 4 5 |  5.0
Dodging        | |  1.7
Stealth        | |  1.7

Action                   |  1- 3 |  4- 6 |  7- 9 || total
-------------------------+-------+-------+-------++-------
Melee: Spear             |    46 |       |       ||    46
       Tailslap          |     3 |    24 |     3 ||    30
       Long sword        |    29 |   156 |    37 ||   222
       Dagger            |       |    12 |       ||    12
       Punch             |       |     2 |       ||     2
 Cast: Shock             |    57 |     2 |       ||    59
       Airstrike         |       |       |     7 ||     7
 Abil: Breathe Frost     |       |       |     3 ||     3
  Use: Scroll            |     6 |     4 |       ||    10
       Potion            |       |     2 |       ||     2
Armor: Skin              |    48 |    69 |    19 ||   136
Dodge: Dodged            |    91 |   109 |    38 ||   238

Table legend: (Time is in decaauts)
 A = Elapsed time spent in this place.
 B = Non-inter-level travel time spent in this place.
 C = Inter-level travel time spent in this place.
 D = Time resting spent in this place.
 E = Time spent auto-exploring this place.
 F = Levels seen in this place.
 G = Mean time per level.
                   A        B        C        D        E       F      G
               +--------+--------+--------+--------+--------+-----+--------+
         Total |   4990 |   4914 |     76 |   1843 |   1596 |   5 |  998.0 |
       Dungeon |   4990 |   4914 |     76 |   1843 |   1596 |   5 |  998.0 |
               +--------+--------+--------+--------+--------+-----+--------+

Top non-repeatable levels by time:
     D:4: 2002 daAuts
     D:3: 1112 daAuts
     D:2: 961 daAuts
     D:1: 902 daAuts
     D:5: 12 daAuts
